 Dungeon Crawl Stone Soup version 0.31-a0-1234-gc6352e7 (webtiles) character file.

Game seed: 4755518449816061969

13960 rhdgurwns the Grappler (level 11, -7/93 HPs)
             Began as a Troll Shapeshifter on Dec 14, 2023.
             Was an Initiate of Gozag.
             Mangled by a skyshark (15 damage)
             ... on level 2 of the Lair of Beasts.
             The game lasted 00:21:53 (9674 turns).

rhdgurwns the Grappler (Troll Shapeshifter)         Turns: 9674, Time: 00:21:53

Health: -7/93      AC:  6    Str: 28    XL:     11   Next: 82%
Magic:  10/10      EV: 10    Int:  6    God:    Gozag
Gold:   2722       SH:  0    Dex: 15    Spells: 10/10 levels left

rFire   + .          .
                       - Unarmed
rCold   + . .        (no shield)
rNeg    . . .        R - +2 robe {rC+ rF+}
rPois   .            (helmet currently unavailable)
rElec   .            (cloak currently unavailable)
rCorr   .            (gloves unavailable)
SInv    .            (boots unavailable)
Will    +....        l - amulet of regeneration
Stlth   +            b - +6 ring of dexterity
HPRegen 1.95/turn    u - ring of willpower
MPRegen 0.12/turn

%: no passive effects
@: about to teleport, beast-form
A: beast (slay +4), large, unfitting armour, claws 3, regeneration 1, shaggy fur
1, tough skin 1
a: Begin Untransformation, Renounce Religion, Potion Petition, Call Merchant,
Bribe Branch


You were on level 2 of the Lair of Beasts.
You worshipped Gozag.
Gozag was most pleased with you.
You were a hulking beast.
You visited 3 branches of the dungeon, and saw 15 of its levels.
You also visited: Bailey.

You collected 2838 gold pieces.
You paid 116 gold pieces to Gozag.

Inventory:

Missiles
 o - 7 large rocks
 y - 3 silver javelins
 B - a throwing net
 D - 24 boomerangs (quivered)
 L - 7 poisoned darts
Armour
 M - a +2 robe of willpower
 N - a scarf of shadows
 R - a +2 robe of resistance (worn)
Jewellery
 b - a +6 ring of dexterity (left claw)
 l - an amulet of regeneration (around neck)
 p - a ring of flight
 s - a ring of protection from fire
 u - a ring of willpower (right claw)
 F - a ring of ice
Talismans
 c - a beast talisman
 d - a flux talisman
Wands
 n - a wand of acid (18)
 E - a wand of digging (4)
 G - a wand of roots (2)
 P - a wand of flame (10)
 Q - a wand of charming (6)
Scrolls
 f - 3 scrolls of vulnerability
 g - 3 scrolls of fog
 i - 2 scrolls of torment
 j - a scroll of noise {unknown}
 m - a scroll of silence
 q - 3 scrolls of amnesia
 x - 4 scrolls of enchant weapon
 z - a scroll of revelation {unknown}
 A - a scroll of enchant armour {unknown}
 H - a scroll of teleportation
Potions
 e - 2 potions of heal wounds
 h - 3 potions of curing
 r - 3 potions of haste
 t - a potion of attraction {unknown}
 v - 2 potions of mutation
 w - a potion of resistance
 C - 4 potions of enlightenment
 I - a potion of magic
 J - a potion of cancellation {unknown}
 O - a potion of degeneration {unknown}


   Skills:
 - Level 2.0 Fighting
 - Level 2.4 Dodging
 + Level 13.7 Unarmed Combat
 + Level 12.7 Shapeshifting


You had 10 spell levels left.
You didn't know any spells.
Your spell library contained the following spells:

 Spells                   Type           Power      Damage    Failure   Level
 Summon Small Mammal      Summ           0%         N/A       45%         1
 Ensorcelled Hibernation  Hex/Ice        0%         N/A       58%         2
 Jinxbite                 Hex            0%         N/A       58%         2
 Call Canine Familiar     Summ           0%         N/A       83%         3
 Summon Guardian Golem    Hex/Summ       0%         N/A       83%         3
 Anguish                  Hex/Necr       0%         N/A       99%         4
 Summon Ice Beast         Ice/Summ       0%         N/A       99%         4
 Summon Mana Viper        Hex/Summ       0%         N/A       100%        5
 Monstrous Menagerie      Summ           0%         N/A       100%        7


Dungeon Overview and Level Annotations

Branches:
Dungeon (12/15)            Temple (1/1) D:7            Lair (2/5) D:11
 Bailey (visited)
  Swamp: Lair:2-3    Shoals: Lair:2-3     Snake: Lair:2-3    Spider: Lair:2-3
    Orc: D:9-12

Altars:
Ashenzari
Cheibriados
Dithmenos
Elyvilon
Fedhas
Gozag
Hepliaklqana
Kikubaaqudgha
Makhleb
Nemelex Xobeh
Okawaru
Qazlal
Ru
Sif Muna
Trog
Uskayaw
Vehumet
Wu Jian
Xom
Yredelemnul
Zin
The Shining One

Shops:
D:11 :


Innate Abilities, Weirdness & Mutations

You are a hulking beast.
Your limbs bulge with bestial killing power. (Slay +4)
You are too large for most types of armour.
You have claws for hands.
Your natural rate of healing is unusually fast.
You are covered in fur. (AC +1)
You have tough skin. (AC +1)


Message History

HP restored.
You now have 2722 gold pieces (gained 6).
Found a falchion.
Found a robe.
A skyshark and a komodo dragon come into view.
The komodo dragon hisses angrily.
You barely miss the skyshark. You claw the skyshark.
The skyshark is lightly wounded.
The skyshark bites you!
The skyshark tastes blood and grows stronger!
The skyshark tail-slaps you. The skyshark closely misses you.
You claw the skyshark!
The skyshark is lightly wounded.
The skyshark bites you!!
The skyshark enters a blood-rage!
The skyshark closely misses you.
The skyshark tail-slaps you but does no damage.
You claw the skyshark!
The skyshark is moderately wounded.
The skyshark bites you! The skyshark tail-slaps you!
The skyshark tail-slaps you.
Okay, then.
Blink to where?
Press: ? - help, Dir - move target
As you read the scroll of blinking, it crumbles to dust.
As you read the scroll of teleportation, it crumbles to dust.
You feel strangely unstable. The skyshark attacks as it pursues you!
The skyshark barely misses you. The skyshark tail-slaps you!
* * * LOW HITPOINT WARNING * * *
The skyshark tail-slaps you!
* * * LOW HITPOINT WARNING * * *
The skyshark bites you.
* * * LOW HITPOINT WARNING * * *
The skyshark barely misses you. The skyshark tail-slaps you.
* * * LOW HITPOINT WARNING * * *
Okay, then.
Okay, then.
The skyshark bites you!
You die...
Your body crumbles into a pile of gold.

## ### #################
##P####P#####P(#.#.#......#.. ..
..........##P................ ...
...........Fh................
...............PP................
....#.##.P.....###.P...##........
...... ####....# #......#........
......#####....# ###...##.P>.....
....#.P..#.....#.# #.............
.......ยง..l......#
#...#..^...... ................P#
.)# ... ................## .


You could see a skyshark (berserk) and a komodo dragon.

Vanquished Creatures
  3 two-headed ogres
  A deep elf pyromancer (D:12)
  An orc knight (Bailey)
  A manticore (D:11)
  2 cyclopes (D:11)
  Joseph (D:8)
  2 cane toads (Lair:1)
  A komodo dragon (Lair:1)
  A troll (D:10)
  A shadow (D:10)
  20 yaks
  2 wraiths
  A steam dragon (D:7)
  A basilisk (Lair:1)
  2 wargs (D:11)
  2 acid dragons
  6 water moccasins
  A sky beast (D:8)
  6 orc warriors
  2 black bears
  An ice beast (D:6)
  3 ogres
  2 centaurs
  3 kobold brigands
  Blork the orc (D:5)
  5 bullfrogs
  A gnoll sergeant (D:7)
  3 scorpions
  3 wights (D:9)
  12 killer bees
  An electric eel (D:6)
  5 howler monkeys
  2 jellies
  A gnoll bouda (D:6)
  4 hounds
  5 orc priests
  Terence (D:3)
  3 iguanas
  Natasha (thrice) (D:2)
  12 orc wizards
  20 gnolls
  13 adders
  A white imp (D:6)
  4 ufetubi (D:6)
  A dart slug (D:1)
  37 orcs
  3 ball pythons
  7 bats
  4 endoplasms
  2 giant cockroaches
  6 goblins
  6 hobgoblins
  38 kobolds
  2 quokkas
  3 frilled lizards
  6 rats
281 creatures vanquished.

Notes
Turn   | Place    | Note
-------+----------+-------------------------------------------
     0 | D:1      | rhdgurwns the Troll Shapeshifter began the quest for the
                  | Orb.
     0 | D:1      | Reached XP level 1. HP: 18/18 MP: 0/0
   171 | D:1      | Reached skill level 1 in Fighting
   214 | D:1      | Reached XP level 2. HP: 27/27 MP: 1/1
   660 | D:2      | Identified the +3 leather armour of Amorality {rCorr}
   683 | D:2      | Noticed Natasha
   696 | D:2      | Killed Natasha
   697 | D:2      | Reached XP level 3. HP: 33/33 MP: 2/2
   746 | D:2      | Noticed Natasha
   763 | D:2      | Killed Natasha
   764 | D:2      | Reached XP level 4. HP: 13/41 MP: 3/3
   768 | D:2      | Noticed Natasha
   775 | D:2      | Killed Natasha
  1238 | D:2      | Reached XP level 5. HP: 49/49 MP: 4/4
  1462 | D:3      | Noticed Terence
  1468 | D:3      | Killed Terence
  1469 | D:3      | Reached skill level 4 in Unarmed Combat
  1523 | D:3      | Found an iron altar of Okawaru.
  2033 | D:4      | Reached XP level 6. HP: 57/57 MP: 5/5
  2211 | D:4      | Reached skill level 5 in Unarmed Combat
  2405 | D:4      | Reached skill level 5 in Shapeshifting
  2478 | D:5      | Entered Level 5 of the Dungeon
  2567 | D:5      | Reached XP level 7. HP: 58/65 MP: 6/6
  2697 | D:5      | Reached skill level 6 in Unarmed Combat
  2968 | D:5      | Noticed Blork the orc
  2972 | D:5      | Killed Blork the orc
  3161 | D:6      | Reached XP level 8. HP: 63/72 MP: 7/7
  3192 | D:6      | Reached skill level 7 in Unarmed Combat
  3580 | D:6      | Reached skill level 8 in Unarmed Combat
  3635 | D:6      | Found a basalt altar of Yredelemnul.
  3855 | D:7      | Found an opulent altar of Gozag.
  3860 | D:7      | Became a worshipper of Gozag Ym Sagoz the Greedy
  3892 | D:7      | Reached XP level 9. HP: 74/79 MP: 8/8
  3912 | D:7      | Found a staircase to the Ecumenical Temple.
  3954 | Temple   | Entered the Ecumenical Temple
  3978 | D:7      | Found a flagged portal.
  4012 | D:7      | Reached skill level 9 in Unarmed Combat
  4185 | Bailey   | Entered a bailey
  4192 | Bailey   | Noticed an orc knight
  4510 | Bailey   | Killed an orc knight
  5065 | D:8      | Found an ancient bone altar of Kikubaaqudgha.
  5080 | D:8      | Reached skill level 10 in Unarmed Combat
  5218 | D:8      | Reached XP level 10. HP: 78/87 MP: 9/9
  5314 | D:8      | Noticed Joseph
  5332 | D:8      | HP: 3/87 [Joseph/sling bullet (8)]
  5393 | D:8      | Killed Joseph
  5394 | D:8      | Reached skill level 10 in Shapeshifting
  5565 | D:8      | You are sucked into a shaft and drop 2 floors!
  5565 | D:10     | Entered Level 10 of the Dungeon
  5722 | D:10     | Reached skill level 11 in Unarmed Combat
  5940 | D:9      | Noticed a two-headed ogre
  6841 | D:9      | Reached skill level 12 in Unarmed Combat
  6916 | D:9      | Killed a two-headed ogre
  6917 | D:9      | Reached XP level 11. HP: 76/93 MP: 10/10
  6951 | D:9      | Noticed a two-headed ogre
  6957 | D:9      | Killed a two-headed ogre
  6981 | D:9      | Found a stormy altar of Qazlal.
  7014 | D:9      | Identified the +1 cloak of Jobbotam {rElec Stlth+}
  7656 | D:11     | Found a staircase to the Lair.
  7832 | D:11     | Noticed a two-headed ogre
  7839 | D:11     | Killed a two-headed ogre
  7971 | D:11     | Found Zyloit's Book Shoppe.
  8111 | D:11     | Reached skill level 13 in Unarmed Combat
  8737 | D:12     | Noticed a deep elf pyromancer
  8744 | D:12     | Killed a deep elf pyromancer
  8775 | Lair:1   | Entered Level 1 of the Lair of Beasts
  9662 | Lair:2   | Noticed a skyshark
  9674 | Lair:2   | Mangled by a skyshark

Illustrated notes

Levels and vault maps discovered:
D:1:      elethiomel_arrival_quiet, layout_loops_ring
D:2:      layout_loops_ring, uniq_natasha
D:3:      layout_rooms, lemuel_doored_altar, grunt_decor_fettered,
          serial_bayou_ford_a, minmay_crystal_water, uniq_terence
D:4:      layout_rooms
D:5:      layout_loops_cross, uniq_blork_the_orc
D:6:      layout_basic, lemuel_round_altar, serial_bayou, serial_bayou_pond_e,
          serial_bayou_pond_a, serial_bayou_pond_b, serial_bayou_pond_b
D:7:      layout_rooms, nicolae_gozag_cash_rules_everything_around_me,
          minmay_temple_entry_grid, enter_bailey_6
D:8:      layout_basic, kiku_gazebo_pond_becter, minivault_26,
          minmay_strange_pillars, uniq_joseph
D:9:      layout_big_octagon, grunt_qazlal_clouds, serial_glass,
          glass_columns_a, glass_columns_a
D:10:     layout_cave_pods
D:11:     layout_loops_corners, erik_lair_orcish_takeover, serial_shops, shop
D:12:     layout_irregular_city, minmay_orc_entry_guard_dogs
Temple:   minmay_crystal_spiral_temple
Lair:1:   layout_cave_pods
Lair:2:   layout_gridlike, alex1729_swamp_entry_worm_eleionoma,
          dreamdust_deal_with_the_devil, chequers_serial_rivers_micro_a,
          hibernation_bobbens

Skill      XL: |  1  2  3  4  5  6  7  8  9 10 11 |
---------------+----------------------------------+-----
Fighting       | 1 2 |  2.0
Dodging        | 2 |  2.4
Unarmed Combat | 4 5 6 8 10 12 13 | 13.7
Shapeshifting  | 4 5 6 7 9 11 12 | 12.7

Action                     |  1- 3 |  4- 6 |  7- 9 | 10-12 || total
---------------------------+-------+-------+-------+-------++-------
  Melee: Unarmed           |    51 |   122 |   242 |   301 ||   716
         Punch             |       |     5 |    11 |    30 ||    46
  Throw: Large rock        |       |     1 |     1 |       ||     2
         Boomerang         |       |       |    21 |       ||    21
    Use: Potion            |     1 |       |       |     1 ||     2
         Scroll            |       |     5 |     4 |    12 ||    21
   Stab: Sleeping          |       |     1 |     2 |       ||     3
         Distracted        |       |       |     1 |     4 ||     5
 Armour: Animal skin       |    28 |    72 |   219 |   153 ||   472
         Skin              |    11 |     6 |       |       ||    17
         Robe              |       |       |       |    80 ||    80
  Dodge: Dodged            |    29 |    57 |   132 |   132 ||   350

Table legend: (Time is in decaauts)
 A = Elapsed time spent in this place.
 B = Non-inter-level travel time spent in this place.
 C = Inter-level travel time spent in this place.
 D = Time resting spent in this place.
 E = Time spent auto-exploring this place.
 F = Levels seen in this place.
 G = Mean time per level.
                   A        B        C        D        E       F      G
               +--------+--------+--------+--------+--------+-----+--------+
         Total |   9590 |   8790 |    800 |     45 |   6735 |  16 |  599.4 |
       Dungeon |   8072 |   7315 |    757 |     45 |   5761 |  12 |  672.7 |
        Temple |      7 |      7 |      0 |      0 |      6 |   1 |    7.0 |
          Lair |    892 |    849 |     43 |      0 |    767 |   2 |  446.0 |
        Bailey |    617 |    617 |      0 |      0 |    201 |   1 |  617.0 |
               +--------+--------+--------+--------+--------+-----+--------+

Top non-repeatable levels by time:
    D:10: 1178 daAuts
    D:11: 1118 daAuts
  Lair:1: 817 daAuts
     D:8: 774 daAuts
     D:2: 757 daAuts
     D:6: 715 daAuts
     D:1: 650 daAuts
     D:5: 643 daAuts
  Bailey: 617 daAuts
     D:9: 604 daAuts
     D:4: 581 daAuts
     D:7: 537 daAuts
     D:3: 500 daAuts
  Lair:2: 74 daAuts
    D:12: 11 daAuts
